 Seeded DCSS version 0.27-a0-562-g0d39f094a4 (webtiles) character file.

Game seed: 22222222 (custom seed)

48 toni2068 the Chopper (level 4, -8/35 HPs)
             Began as a Formicid Fighter on Mar 8, 2021.
             Mangled by an ogre
             ... wielding a +0 giant club
              (11 damage)
             ... on level 2 of the Dungeon.
             The game lasted 00:01:20 (1356 turns).

toni2068 the Chopper (Formicid Fighter)             Turns: 1356, Time: 00:01:20

Health: -8/35      AC:  6    Str: 22    XL:     4   Next: 0%
Magic:  4/4        EV:  8    Int:  7    God:
Gold:   49         SH:  9    Dex: 10    Spells: 3/3 levels left

rFire    . . .     SeeInvis +   a - +0 war axe
rCold    . . .     Faith    .   c - +0 kite shield
rNeg     . . .     Spirit   .   b - +0 scale mail
rPois    .         Reflect  .   (helmet unavailable)
rElec    .         Harm     .   (no cloak)
rCorr    .         Rampage  .   (no gloves)
Will     .....                  (no boots)
Stlth    ..........             (no amulet)
HPRegen  0.11/turn              (no ring)
MPRegen  0.09/turn              (no ring)

@: no status effects
A: permanent stasis, dig shafts and tunnels, antennae 3, four strong arms
a: Dig, Shaft Self


You were on level 2 of the Dungeon.
You visited 1 branch of the dungeon, and saw 2 of its levels.

You collected 49 gold pieces.

Inventory:

Hand Weapons
 a - a +0 war axe (weapon)
Armour
 b - a +0 scale mail (worn)
 c - a +0 kite shield (worn)
Jewellery
 e - a ring of poison resistance
 f - a +6 ring of dexterity
Scrolls
 g - a scroll of enchant armour {unknown}
 i - 2 scrolls of identify {unknown}
 j - a scroll of enchant weapon {unknown}
Potions
 d - a potion of might
 h - a potion of flight {unknown}
 k - a potion of attraction {unknown}
 l - 2 potions of berserk rage {unknown}


   Skills:
 - Level 3.2 Fighting
 + Level 4.0 Axes
 - Level 3.2 Armour
 - Level 3.6 Shields


You had 3 spell levels left.
You didn't know any spells.
Your spell library was empty.

Dungeon Overview and Level Annotations

Branches:
Dungeon (2/15)

Altars:


Innate Abilities, Weirdness & Mutations

You cannot be hasted, slowed, berserked, paralysed or teleported.
You can dig through walls and to a lower floor.
You have a pair of large antennae on your head. (SInv)
Your four strong arms can wield two-handed weapons with a shield.


Message History

You slash the kobold!
You kill the kobold!
Your Axes skill increases to level 4!
You have reached level 4!
You feel stronger.
Key pressed, stopping explore.
No target in view!
Key pressed, stopping explore.
No target in view!
Things that are here:
a +0 club; a stone No target in view!
Key pressed, stopping explore.
No target in view!
Found a stone staircase leading up and a stone staircase leading down.
No target in view!
You now have 49 gold pieces (gained 8).
An ogre comes into view. It is wielding a +0 giant club.
Found 5 gold pieces and a blue potion.
An ogre is nearby!
An ogre is nearby!
You barely miss the ogre. The ogre hits you with a +0 giant club.
An ogre is nearby!
You hit the ogre.
The ogre is lightly wounded.
The ogre hits you with a +0 giant club!!
Ouch! That really hurt!
* * * LOW HITPOINT WARNING * * *
An ogre is nearby!
You are too injured to fight recklessly!
An ogre is nearby!
You are too injured to fight recklessly!
You are too injured to fight recklessly!
You are too injured to fight recklessly!
You are too injured to fight recklessly!
You are too injured to fight recklessly!
You barely miss the ogre.
The ogre is lightly wounded.
You block the ogre's attack. The ogre hits you with a +0 giant club!
You die...

..... .........# ....###
# #........# ....#.# #..
....!....# ....#.#.#
#.###........# ........
.........$..# #.......
..........# ....###.
#.###.O.....# ......#.#
#.. #.@....#
#...###.###.###..#######
#.#................>...#
#.##.##................#
..##.##................#
.###.###...............#
.###..###..............#
.......................#
.#####.####.##.........#


You could see an ogre.

Vanquished Creatures
  An adder (D:2)
  A dart slug (D:1)
  2 leopard geckos (D:1)
  A ball python (D:2)
  3 giant cockroaches (D:1)
  2 goblins
  7 hobgoblins
  6 kobolds
  6 bats
  2 frilled lizards
  2 rats (D:2)
33 creatures vanquished.

Notes
Turn   | Place    | Note
-------+----------+-------------------------------------------
     0 | D:1      | toni2068 the Formicid Fighter began the quest for the Orb.
     0 | D:1      | Reached XP level 1. HP: 18/18 MP: 1/1
   215 | D:1      | Reached XP level 2. HP: 24/24 MP: 2/2
   397 | D:1      | Reached skill level 3 in Axes
   682 | D:1      | Reached XP level 3. HP: 28/29 MP: 3/3
  1251 | D:2      | Reached skill level 4 in Axes
  1251 | D:2      | Reached XP level 4. HP: 28/35 MP: 4/4
  1351 | D:2      | Noticed an ogre
  1356 | D:2      | Mangled by an ogre

Illustrated notes

Levels and vault maps discovered:
D:1:      scummos_arrival_hexagon, layout_basic, hex_tiny
D:2:      layout_rooms, zin_angel, minmay_misc_feat_nine_boxes

Skill      XL: |  1  2  3 |
---------------+----------+-----
Axes           | 3 4 |  4.0
Fighting       | |  3.2
Armour         | |  3.2
Shields        | |  3.6

Action                   |  1- 3 |  4- 6 || total
-------------------------+-------+-------++-------
Melee: War axe           |   109 |     3 ||   112
Armor: Scale mail        |    63 |       ||    63
Dodge: Dodged            |    56 |       ||    56
Block: Kite shield       |    73 |     1 ||    74

Table legend: (Time is in decaauts)
 A = Elapsed time spent in this place.
 B = Non-inter-level travel time spent in this place.
 C = Inter-level travel time spent in this place.
 D = Time resting spent in this place.
 E = Time spent auto-exploring this place.
 F = Levels seen in this place.
 G = Mean time per level.
                   A        B        C        D        E       F      G
               +--------+--------+--------+--------+--------+-----+--------+
         Total |   1413 |   1394 |     19 |      0 |   1137 |   2 |  706.5 |
       Dungeon |   1413 |   1394 |     19 |      0 |   1137 |   2 |  706.5 |
               +--------+--------+--------+--------+--------+-----+--------+

Top non-repeatable levels by time:
     D:1: 1058 daAuts
     D:2: 355 daAuts
